 Dungeon Crawl Stone Soup version 0.28.0-43-g3370ac3207 (webtiles) character file.

Game seed: 6756841789332310636

30 Tarmin the Sneak (level 3, -2/22 HPs)
             Began as a Kobold Brigand on Mar 29, 2022.
             Slain by a gnoll
             ... wielding a +0 club
              (6 damage)
             ... on level 2 of the Dungeon.
             The game lasted 00:05:45 (1161 turns).

Tarmin the Sneak (Kobold Brigand)                   Turns: 1161, Time: 00:05:45

Health: -2/22      AC:  3    Str:  8    XL:     3   Next: 37%
Magic:  3/3        EV:  7    Int: 12    God:
Gold:   50         SH:  0    Dex: 18    Spells: 2/2 levels left

rFire   . . .      SeeInvis .   a - +2 dagger
rCold   . . .      Faith    .   (no shield)
rNeg    . . .      Spirit   .   b - +0 robe
rPois   .          Reflect  .   (no helmet)
rElec   .          Harm     .   c - +0 cloak
rCorr   .          Rampage  .   (no gloves)
Will    .....                   (no boots)
Stlth   +++++.....              (no amulet)
HPRegen 0.07/turn               (no ring)
MPRegen 0.08/turn               (no ring)

@: held
A: small, no large weapons, nightstalker 3
a: no special abilities


You were on level 2 of the Dungeon.
You visited 1 branch of the dungeon, and saw 2 of its levels.

You collected 50 gold pieces.

Inventory:

Hand Weapons
 a - a +2 dagger (weapon)
Missiles
 d - 4 poisoned darts (quivered)
 e - 2 curare-tipped darts
 h - 4 silver boomerangs
 i - 15 stones
 l - 15 arrows
Armour
 b - a +0 robe (worn)
 c - a +0 cloak (worn)
Jewellery
 f - an amulet of faith
Scrolls
 g - 2 scrolls of identify {unknown}
 j - a scroll of amnesia {unknown}
Potions
 k - a potion of lignification {unknown}
 m - a potion of curing {unknown}


   Skills:
 + Level 2.4 Fighting
 + Level 2.9 Short Blades
 + Level 2.2 Throwing
 + Level 1.2 Dodging
 + Level 6.5 Stealth


You had 2 spell levels left.
You didn't know any spells.
Your spell library was empty.

Dungeon Overview and Level Annotations

Branches:
Dungeon (2/15)

Altars:


Innate Abilities, Weirdness & Mutations

You are small and have problems with some larger weapons.
You are completely attuned to the shadows.


Message History

2 gnolls come into view.
The gnoll shouts!
You hear a shout! x2; The gnoll shouts!
A gnoll comes into view. It is wielding a +0 flail.
Throw: 8 darts (poison)
Press: ? - help, Q - select action, (/) - cycle Shift-Dir - straight line, f - gnoll
Aim: a gnoll, wielding a +0 halberd (66% to hit)
You throw a poisoned dart. The poisoned dart hits the gnoll.
The gnoll is poisoned.
A gnoll comes into view. It is wielding a +0 club.
Throw: 7 darts (poison)
Press: ? - help, Q - select action, (/) - cycle Shift-Dir - straight line, f - gnoll, p - gnoll
Aim: a gnoll, wielding a +0 club and quivering a throwing net (66% to hit)
You throw a poisoned dart.
The poisoned dart barely misses the gnoll.
Throw: 6 darts (poison)
Press: ? - help, Q - select action, (/) - cycle Shift-Dir - straight line, f/p - gnoll
Aim: a gnoll, wielding a +0 club and quivering a throwing net (66% to hit)
You throw a poisoned dart. The poisoned dart hits the gnoll.
The gnoll is poisoned.
The gnoll closely misses you.
Throw: 5 darts (poison)
Press: ? - help, Q - select action, (/) - cycle Shift-Dir - straight line, f - gnoll, p - gnoll
Aim: a gnoll, wielding a +0 spear (66% to hit)
You throw a poisoned dart. The poisoned dart hits the gnoll.
The gnoll is poisoned.
The gnoll looks more healthy.
The gnoll closely misses you.
The gnoll looks more healthy.
The gnoll throws a throwing net.
The throwing net hits you.
You become entangled in the net!
You see here a throwing net.
You struggle against the net.
The gnoll barely misses you. x2
You struggle against the net.
The gnoll closely misses you.
The gnoll hits you from afar with a +0 halberd.
You tear a large gash into the net.
The gnoll hits you with a +0 club.
The gnoll hits you from afar with a +0 spear.
The gnoll hits you but does no damage.
You cannot throw anything while held in a net.
You struggle against the net.
The gnoll hits you with a +0 flail!
* * * LOW HITPOINT WARNING * * *
The gnoll hits you with a +0 club.
You die...

#.##..(#.##.(g... .#
#......(##.#....# #.
#.#.....#.#.#..#.#.#.
#.##.....#.##..##.#..
##.##....(.##....##...
#..##......†..........
#.###..g..............
#.# #ggg...##....##...
#<# #@....#.##..##.#..
#.##.....#.#.#..#.#.#.
#.##.....##.#)...#.##.
#.......#.##......##.#
#####..#. ..........#.
............#
............. .. #.


You could see 4 gnolls.

Vanquished Creatures
  3 bats (D:1)
  7 endoplasms
  A giant cockroach (D:2)
  A goblin (D:1)
  3 hobgoblins (D:1)
  3 kobolds
  4 quokkas (D:1)
  2 rats (D:1)
24 creatures vanquished.

Notes
Turn   | Place    | Note
-------+----------+-------------------------------------------
     0 | D:1      | Tarmin the Kobold Brigand began the quest for the Orb.
     0 | D:1      | Reached XP level 1. HP: 12/12 MP: 1/1
   189 | D:1      | Reached XP level 2. HP: 18/18 MP: 2/2
   451 | D:1      | Reached skill level 6 in Stealth
   561 | D:1      | Reached XP level 3. HP: 15/22 MP: 3/3
  1161 | D:2      | Slain by a gnoll

Illustrated notes

Levels and vault maps discovered:
D:1:      mrwooster_arrival_arrow, layout_basic, minmay_hexomino_f4
D:2:      layout_loops_ring, basic_altar, kennysheep_path_1,
          minmay_misc_feat_secret_circle

Skill      XL: |  1  2 |
---------------+-------+-----
Stealth        | 6 |  6.5
Fighting       | |  2.4
Short Blades   | |  2.9
Throwing       | |  2.2
Dodging        | |  1.2

Action                   || total
-------------------------++-------
Melee: Dagger            ||    51
       Punch             ||     1
Throw: Dart              ||     8
 Stab: Sleeping          ||    17
Armor: Robe              ||     8
Dodge: Dodged            ||    24
